Map: Ruinas de Endión

Players

xXkazperXx

  • Race: Zerg Zerg
  • League: Bronze

RANURA DE IA (Difícil) - Winner!

  • Race: Zerg Zerg

VOD

Have the link to the VOD?

Description

Time

  • Played on: April 8, 2016, 6:43 p.m.
  • Length: 19:27
Show
View Real Time Build Order
Export as new Build Order

xXkazperXx Zerg 

Build Orders: Pool First 

Get SALT Encoding   

  12  0:02  Drone  
  13  0:09  Drone  
  14  0:19  Overlord  
  14  0:37  Drone  
  14  0:38  Drone x2  
  17  0:57  Spawning Pool  
  17  0:59  Drone x2, Extractor  
  17  1:13  Drone  
  18  1:25  Drone  
  19  1:31  Drone  
  20  1:44  Queen  
  22  1:49  Roach Warren  
  22  1:50  Drone  
  22  2:01  Overlord  
  22  2:19  Overlord  
  22  2:32  Zergling x4  
  24  2:46  Roach  
  28  2:51  Roach  
  28  2:54  Roach x3  
  34  3:00  Overlord  
  34  3:11  Drone  
  35  3:20  Drone, Extractor  
  35  3:33  Roach  
  37  3:39  Roach x3  
  43  3:47  Drone  
  44  4:27  Drone x2  
  44  4:29  Overlord  
  36  5:13  Roach x2  
  36  5:14  Roach  
  32  5:31  Drone  
  32  5:34  Hatchery  
  32  5:40  Lair  
  32  5:46  Roach x2  
  36  6:02  Roach  
  36  6:03  Roach x2  
  42  6:09  Metabolic Boost  
  42  6:11  Zergling x2  
  43  6:32  Roach x2  
  47  6:58  Zergling x4  
  49  7:08  Zergling x2  
  49  7:09  Zergling x4  
  52  7:27  Roach x2  
  56  7:31  Queen  
  58  7:41  Roach  
  58  7:43  Overlord  
  60  7:51  Spire  
  60  7:54  Tunneling Claws  
  59  8:03  Pneumatized Carapace  
  59  8:29  Drone x4  
  59  8:30  Drone x2  
  59  8:32  Drone x2  
  59  8:33  Drone  
  68  8:36  Overlord  
  68  9:13  Mutalisk x4  
  68  9:16  Overlord  
  68  9:17  Overlord  
  76  9:25  Glial Reconstitution  
  76  9:32  Infestation Pit  
  76  9:36  Drone, Extractor  
  76  9:37  Drone x3  
  76  9:38  Drone x3  
  81  9:54  Mutalisk x4  
  81  9:56  Corruptor  
  91  10:00  Drone  
  91  10:02  Overlord x2  
  66  11:14  Roach x4  
  66  11:15  Roach x4  
  66  11:16  Roach  
  84  11:30  Drone x2, Extractor  
  85  11:34  Hatchery  
  85  11:37  Drone x2  
  86  12:07  Drone  
  87  12:37  Hive  
  87  12:47  Drone  
  88  12:59  Mutalisk x5  
  88  13:01  Mutalisk x4, Hydralisk Den  
  88  13:05  Overlord x4  
  105  13:18  Zerg Flyer Armor Level 1  
  105  13:23  Overlord  
  105  13:25  Overlord  
  105  13:28  Queen  
  105  13:30  Mutalisk  
  109  13:57  Mutalisk x2  
  109  13:58  Mutalisk  
  109  13:59  Mutalisk x3  
  121  14:03  Drone x3  
  121  14:04  Drone  
  121  14:09  Extractor  
  124  14:11  Extractor  
  97  14:57  Corruptor x3  
  97  14:59  Corruptor x2  
  77  15:51  Roach x3  
  77  15:52  Roach x4  
  77  15:53  Roach x2  
  95  15:58  Greater Spire  
  95  16:02  Drone x3  
  98  16:25  Hatchery  
  97  16:33  Corruptor x6  
  97  16:37  Hatchery  
  108  16:42  Zergling x8  
  108  16:43  Zergling x2  
  113  16:49  Zergling x2  
  113  16:50  Zergling x2  
  113  16:51  Zergling x10  
  113  16:52  Extractor  
  113  16:53  Extractor  
  118  16:59  Extractor  
  117  17:33  Ultralisk Cavern  
  117  17:35  Corruptor x4  
  124  17:43  Brood Lord  
  126  17:49  Drone  
  127  17:53  Drone x2  
  129  18:18  Drone x2  
  131  18:24  Drone x3  
  78  18:48  Brood Lord  
  78  18:49  Brood Lord x3  
Show
View Real Time Build Order
Export as new Build Order

RANURA DE IA (Difícil) Zerg - Winner!

Build Orders: Pool First 

Get SALT Encoding   

  12  0:01  Drone  
  13  0:12  Overlord  
  13  0:17  Drone  
  14  0:30  Drone  
  14  0:32  Drone  
  16  0:43  Spawning Pool  
  16  0:45  Drone  
  16  0:49  Drone  
  17  0:52  Extractor  
  17  0:55  Drone  
  17  1:06  Overlord  
  17  1:30  Queen  
  17  1:31  Zergling x2  
  20  1:36  Roach Warren  
  20  1:38  Drone  
  20  1:40  Extractor  
  20  1:42  Zergling x2  
  20  1:49  Drone  
  21  2:00  Drone  
  22  2:12  Drone  
  23  2:21  Overlord  
  23  2:32  Drone  
  24  2:37  Roach  
  24  2:42  Overlord  
  26  2:48  Roach  
  28  2:58  Roach  
  30  3:07  Overlord  
  30  3:09  Roach  
  32  3:20  Roach  
  34  3:30  Roach  
  36  3:36  Overlord  
  36  3:41  Roach  
  36  3:42  Drone  
  36  3:45  Drone  
  40  3:48  Drone  
  40  3:52  Roach  
  43  3:56  Drone  
  44  4:05  Baneling Nest  
  44  4:07  Drone  
  44  4:11  Roach  
  44  4:12  Drone  
  44  4:13  Drone  
  48  4:17  Evolution Chamber  
  48  4:18  Drone  
  48  4:29  Roach  
  50  4:40  Roach  
  52  4:51  Roach  
  46  5:02  Roach  
  44  5:12  Zergling x2  
  39  5:23  Roach  
  41  5:34  Zergling x2  
  42  5:44  Roach  
  44  5:55  Roach  
  46  6:06  Roach  
  48  6:17  Roach  
  50  6:21  Overlord, Zerg Melee Weapons Level 1  
  50  6:22  Evolution Chamber, Burrow  
  49  6:27  Spore Crawler, Roach  
  49  6:28  Drone  
  49  6:29  Hatchery  
  49  6:30  Drone  
  51  6:37  Roach  
  53  6:45  Overlord  
  53  6:48  Zerg Ground Armor Level 1  
  53  7:26  Spore Crawler  
  52  7:33  Lair  
  52  7:40  Queen  
  52  7:41  Drone  
  52  7:42  Drone  
  52  7:44  Drone  
  57  7:45  Drone  
  57  7:47  Drone  
  57  7:48  Drone, Extractor  
  59  7:53  Drone  
  59  7:55  Drone  
  61  7:59  Drone  
  61  8:01  Drone  
  61  8:05  Drone, Overlord  
  64  8:07  Drone  
  64  8:09  Drone  
  64  8:11  Drone  
  67  8:15  Zerg Missile Weapons Level 1  
  67  8:16  Drone  
  68  8:20  Drone  
  68  8:26  Drone  
  70  8:28  Overlord  
  70  8:31  Drone  
  70  8:33  Drone  
  72  8:34  Infestation Pit  
  72  8:35  Drone  
  72  8:36  Hydralisk Den  
  72  8:38  Drone  
  72  8:43  Overseer  
  72  8:45  Overseer  
  72  8:52  Spine Crawler  
  72  8:53  Drone  
  71  8:59  Spine Crawler  
  71  9:00  Drone  
  71  9:01  Spore Crawler  
  71  9:02  Drone  
  71  9:05  Hydralisk  
  71  9:06  Spore Crawler  
  71  9:07  Drone  
  73  9:12  Queen  
  73  9:15  Infestor  
  77  9:21  Spire  
  76  9:25  Hydralisk  
  76  9:31  Drone, Spine Crawler  
  77  9:33  Drone, Spine Crawler  
  77  9:35  Infestor  
  80  9:45  Infestor  
  82  9:55  Hydralisk  
  82  9:56  Muscular Augments  
  84  10:05  Hydralisk  
  84  10:06  Extractor  
  85  10:26  Roach x2  
  85  10:28  Drone  
  85  10:30  Drone, Zergling x2  
  83  10:38  Pneumatized Carapace, Overlord x2  
  83  10:39  Overlord, Overseer  
  73  10:48  Hatchery  
  47  11:09  Zergling x2  
  48  11:18  Hydralisk  
  48  11:22  Hive  
  50  11:28  Hydralisk  
  52  11:38  Hydralisk  
  54  11:48  Hydralisk  
  56  11:58  Hydralisk  
  58  12:01  Drone  
  58  12:03  Drone  
  58  12:04  Drone  
  58  12:05  Zerg Melee Weapons Level 2  
  58  12:06  Drone  
  58  12:07  Drone  
  63  12:08  Hydralisk  
  63  12:09  Drone  
  63  12:10  Drone  
  63  12:11  Extractor  
  63  12:12  Drone  
  63  12:13  Drone  
  63  12:14  Extractor  
  63  12:15  Drone  
  68  12:16  Drone  
  68  12:18  Drone  
  68  12:19  Drone  
  68  12:20  Drone  
  68  12:22  Drone  
  73  12:23  Drone  
  73  12:25  Drone  
  73  12:26  Drone  
  73  12:28  Drone  
  73  12:29  Drone  
  78  12:31  Drone  
  78  12:36  Ultralisk Cavern  
  78  12:38  Drone  
  78  12:40  Zerg Ground Armor Level 2  
  79  12:50  Zerg Flyer Weapons Level 1  
  79  12:58  Spore Crawler  
  79  13:01  Drone  
  79  13:02  Spore Crawler  
  79  13:04  Drone  
  79  13:06  Queen  
  81  13:24  Ultralisk  
  81  13:25  Spine Crawler  
  81  13:26  Drone  
  87  13:27  Spine Crawler  
  87  13:28  Drone  
  93  13:34  Ultralisk  
  93  13:44  Ultralisk  
  99  13:54  Ultralisk  
  105  14:15  Hatchery  
  104  14:21  Drone, Zerg Missile Weapons Level 2  
  104  14:22  Hydralisk  
  104  14:31  Queen  
  105  14:38  Zergling x2  
  105  14:39  Viper  
  105  14:40  Overlord, Zergling x2  
  105  14:42  Mutalisk  
  105  14:44  Zerg Flyer Armor Level 1  
  105  14:45  Mutalisk  
  113  14:47  Mutalisk  
  113  14:50  Zergling x2  
  113  14:52  Zergling x2  
  117  14:54  Mutalisk  
  117  14:56  Mutalisk  
  117  14:58  Mutalisk  
  117  14:59  Overlord  
  123  15:01  Zergling x2  
  123  15:03  Zergling x2  
  123  15:05  Zergling x2  
  126  15:08  Baneling x4, Zergling x2  
  126  15:10  Zergling x2  
  126  15:12  Mutalisk  
  130  15:14  Mutalisk  
  130  15:16  Mutalisk  
  130  15:17  Viper, Overlord  
  130  15:18  Metabolic Boost  
  130  15:19  Mutalisk  
  132  15:21  Zergling x2  
  132  15:24  Zergling x2  
  132  15:25  Mutalisk  
  132  15:27  Mutalisk  
  138  15:28  Drone  
  138  15:30  Zergling x2  
  138  15:32  Baneling, Zergling x2  
  138  15:33  Centrifical Hooks  
  138  15:35  Baneling x2, Zergling x2  
  142  15:37  Overlord, Baneling  
  142  15:40  Extractor  
  142  15:42  Drone  
  142  15:44  Extractor  
  142  15:46  Drone  
  142  15:54  Spore Crawler  
  142  15:55  Drone, Overlord  
  142  15:57  Spore Crawler  
  142  15:58  Drone  
  142  16:03  Queen  
  144  16:13  Overlord, Zerg Melee Weapons Level 3  
  144  16:21  Spine Crawler  
  144  16:22  Drone  
  144  16:24  Drone, Spine Crawler  
  144  16:37  Adrenal Glands, Zerg Ground Armor Level 3  
  144  16:52  Chitinous Plating  
  144  17:09  Zerg Flyer Weapons Level 2  
  144  17:22  Overlord, Overseer  
  144  18:08  Overseer  
  144  18:09  Overlord, Ultralisk, Roach  
  146  18:14  Roach  
  146  18:18  Infestor  
  150  18:22  Roach  
  151  18:27  Roach  
  151  18:29  Overlord  
  151  18:30  Ultralisk  
  151  18:31  Roach  
  132  18:35  Infestor  
  128  18:45  Roach  
  128  18:49  Roach  
  128  18:53  Roach, Hatchery  
  128  18:54  Drone  
  128  18:56  Viper  
  128  18:58  Roach  
  128  19:02  Roach  
Tags
 
Add a new tag
Caveats
  • Supply blocks, unpowered buildings, or Contaminate may cause inaccurate times.
  • Supply counts are checked every 10 seconds.